 Dungeon Sprint DCSS version 0.27-a0-686-gaed091b46b (webtiles) character file.

Game seed: 3344424071174749044

121 Shayle the Grasshopper (level 4, -5/38 HPs)
             Began as a Demigod Warper on Mar 21, 2021.
             Slain by a vault sentinel
             ... wielding a +0 war axe
              (15 damage)
             ... in the Dungeon (Sprint V: "Ziggurat Sprint").
             The game lasted 00:02:39 (182 turns).

Shayle the Grasshopper (Demigod Warper)              Turns: 182, Time: 00:02:40

Health: -5/38      AC: 15    Str: 12    XL:     4   Next: 49%
Magic:  11/11      EV:  5    Int: 31    God:
Gold:   0          SH:  7    Dex: 13    Spells: 9/9 levels left

rFire    . . .     SeeInvis .   F - +7 Screaming Sword {vorpal, sonic wave}
rCold    . . .     Faith    .   I - +3 buckler
rNeg     . . .     Spirit   .   J - +5 shadow dragon scales
rPois    .         Reflect  .   (no helmet)
rElec    .         Harm     .   (no cloak)
rCorr    .         Rampage  .   (no gloves)
Will     .....     NoTele   +   (no boots)
Stlth    +++.......             (no amulet)
HPRegen  0.12/turn              z - +6 ring of intelligence
MPRegen  0.12/turn              A - +6 ring of intelligence

@: marked
A: high mp 1, forlorn
a: no special abilities


You were in the Dungeon.
You visited 1 branch

Inventory:

Hand Weapons
 D - the +6 Majin-Bo {vamp, MP+6 Int+6}
   (You found it in the Dungeon)

   It inflicts no extra harm, but heals its wielder when it wounds a living foe.
   It affects your intelligence (+6).
   It affects your magic capacity (+6).
 E - the +10 dark maul {vorpal}
   (You found it in the Dungeon)

   It inflicts extra damage upon your enemies.
 F - the +7 Screaming Sword (weapon) {vorpal, sonic wave}
   (You found it in the Dungeon)

   It inflicts extra damage upon your enemies.
 G - the +8 lance "Wyrmbane" {slay drac, rPois rF+ rC+ AC+3}
   (You found it in the Dungeon)

   It affects your AC (+3).
   It protects you from fire.
   It protects you from cold.
   It protects you from poison.
 H - the +9 sword of Zonguldrok {reap}
   (You found it in the Dungeon)

   If a monster killed with it leaves a corpse in good enough shape, the corpse
   is reanimated as a zombie friendly to the killer.
 K - a +5 demon trident
 L - a +5 broad axe
 M - a +5 quick blade
Missiles
 e - 5 boomerangs of dispersal (quivered)
Armour
 I - a +3 buckler (worn)
 J - +5 shadow dragon scales (worn)
Jewellery
 a - a ring of see invisible
 w - a ring of flight
 x - a +6 ring of dexterity
 y - a +6 ring of dexterity
 z - a +6 ring of intelligence (right hand)
 A - a +6 ring of intelligence (left hand)
 B - a +6 ring of strength
 C - a +6 ring of strength
Wands
 t - a wand of mindburst (7)
 u - a wand of iceblast (7)
 v - a wand of acid (7)
Scrolls
 d - 5 scrolls of blinking
 o - 4 scrolls of amnesia
 p - 7 scrolls of fog
 q - a scroll of holy word
 r - 5 scrolls of identify
 s - 2 scrolls of fear
Potions
 c - 2 potions of brilliance
 f - 10 potions of curing
 g - 10 potions of heal wounds
 h - 6 potions of haste
 i - 7 potions of magic
 j - 3 potions of berserk rage
 k - 2 potions of invisibility
 l - 4 potions of resistance
 n - 5 potions of might


   Skills:
 + Level 3.3 Fighting
 + Level 2.4(2.8) Short Blades
 + Level 2.1(2.7) Long Blades
 + Level 3.1(3.3) Axes
 + Level 1.1(2.4) Maces & Flails
 + Level 1.1(2.4) Polearms
 + Level 1.1(1.5) Staves
 + Level 1.1(1.5) Slings
 + Level 1.1 Bows
 + Level 1.1 Crossbows
 + Level 1.6(1.8) Throwing
 + Level 1.6 Armour
 + Level 3.0 Dodging
 + Level 2.2 Stealth
 + Level 1.1 Shields
 + Level 1.1 Unarmed Combat
 + Level 3.1 Spellcasting
 + Level 1.1 Conjurations
 + Level 1.1 Hexes
 + Level 1.1 Summonings
 + Level 1.1 Necromancy
 + Level 5.3 Translocations
 + Level 1.1 Transmutations
 + Level 1.1 Fire Magic
 + Level 1.5 Ice Magic
 + Level 1.1 Air Magic
 + Level 1.1 Earth Magic
 + Level 1.1 Poison Magic
 + Level 1.1 Evocations


You had 9 spell levels left.
You didn't know any spells.
Your spell library contained the following spells:

 Spells                   Type           Power      Damage    Failure   Level
 Blink                    Tloc           N/A        N/A       56%         2
 Gell's Gravitas          Tloc           18%        N/A       80%         3
 Lesser Beckoning         Tloc           18%        N/A       80%         3
 Teleport Other           Tloc           37%        N/A       80%         3
 Manifold Assault         Tloc           Unusable   N/A       N/A         4

Dungeon Overview and Level Annotations

Branches:
Dungeon (1/1)

Annotations:
D 1 transporter


Innate Abilities, Weirdness & Mutations

Your attributes grow dramatically as you level up.
You have an increased reservoir of magic. (+10% MP)
You shall have no god before yourself.


Message History

Your Transmutations skill increases to level 1!
Your Fire Magic skill increases to level 1!
Your Ice Magic skill increases to level 1!
Your Air Magic skill increases to level 1!
Your Earth Magic skill increases to level 1!
Your Poison Magic skill increases to level 1!
Your Evocations skill increases to level 1!
You have reached level 4!
There is a transporter here.
Welcome to arena 2.
You enter the transporter and appear at another place.
A yaktaur captain and a vault sentinel come into view.
Found three items.
Found a transporter.
Unknown command.
You don't know any spells.
The helpless vault sentinel fails to defend itself.
You slice the vault sentinel!!
The vault sentinel is heavily wounded.
The vault sentinel barely misses you.
You riposte.
You closely miss the vault sentinel.
The vault sentinel is heavily wounded.
Unknown command.
Your shield and shadow dragon scales prevent you from hitting the vault sentinel.
The vault sentinel is heavily wounded.
You block the yaktaur captain's attack.
The vault sentinel gestures at you while chanting.
A sentinel's mark forms upon you.
The vault sentinel points at you and mumbles some strange words.
The mark upon you grows brighter. The yaktaur captain hits you.
You slash the yaktaur captain!
The yaktaur captain is moderately wounded.
The vault sentinel blows a loud note on a signal horn!
The yaktaur captain hits you!
Unknown command.
You hit the vault sentinel.
The vault sentinel is heavily wounded.
The yaktaur captain hits you!
* * * LOW HITPOINT WARNING * * *
The vault sentinel hits you with a +0 war axe!
You die...

▓▓▓▓▓▓▓▓▓▓▓▓▓
▓.8©8.▓.8©8.▓
▓.pc=.▓.....▓
▓..@..▓.}...▓
▓.....▓.....▓
▓.....▓.....▓
▓.....▓..©..▓
▓..©..▓▓▓▓▓▓▓
▓▓▓▓▓▓▓


You could see a yaktaur captain and a vault sentinel (catching breath).

Vanquished Creatures
  2 jellies (D)
2 creatures vanquished.

Notes
Turn   | Place    | Note
-------+----------+-------------------------------------------
     0 | D        | Shayle the Demigod Warper began the quest for the Orb.
     0 | D        | Reached XP level 1. HP: 17/17 MP: 5/5
     1 | D        | Found the +6 Majin-Bo {vamp, MP+6 Int+6}
     1 | D        | Found the +9 heavy crossbow "Sniper" {vorpal, Acc+∞ SInv}
     1 | D        | Found the +10 dark maul {vorpal}
     1 | D        | Found the +15 Maxwell's patent armour {-Cast -Tele rElec
                  | Will+ rCorr}
     1 | D        | Found the +18 shield of the Gong {rElec rN+ Will+ EV-5}
     1 | D        | Found the +14 obsidian axe {vorpal, *Drain +Fly SInv}
     1 | D        | Found the +7 great mace "Firestarter" {inner flame, rF++}
     1 | D        | Found the +6 shillelagh "Devastator" {shatter}
     1 | D        | Found the +11 plutonium sword {*Contam Stlth-}
     1 | D        | Found the +8 lance "Wyrmbane" {slay drac, rPois rF+ rC+
                  | AC+3}
     1 | D        | Found the +9 sword of Zonguldrok {reap}
     1 | D        | Found the +13 scythe of Curses {drain, *Drain}
     1 | D        | Found the +5 sword of Power {vorpal}
     1 | D        | Found the +7 mace of Variability {chain chaos}
     1 | D        | Found the +7 Singing Sword {vorpal, sonic wave}
     1 | D        | Found the +8 storm bow {elec, penet}
     2 | D        | Found a transporter.
    66 | D        | Entered arena 2.
    66 | D        | Noticed a jelly
    66 | D        | Noticed a jelly
    66 | D        | Found a transporter.
    71 | D        | Killed a jelly
    71 | D        | Killed a jelly
    72 | D        | Reached skill level 1 in Long Blades
    72 | D        | Reached skill level 1 in Throwing
    72 | D        | Reached skill level 1 in Armour
    72 | D        | Reached skill level 5 in Translocations
    72 | D        | Reached XP level 2. HP: 17/26 MP: 6/8
    72 | D        | Reached XP level 3. HP: 21/31 MP: 7/10
   171 | D        | Reached skill level 1 in Maces & Flails
   171 | D        | Reached skill level 1 in Polearms
   171 | D        | Reached skill level 1 in Staves
   171 | D        | Reached skill level 1 in Slings
   171 | D        | Reached skill level 1 in Bows
   171 | D        | Reached skill level 1 in Crossbows
   171 | D        | Reached skill level 1 in Shields
   171 | D        | Reached skill level 1 in Unarmed Combat
   171 | D        | Reached skill level 1 in Conjurations
   171 | D        | Reached skill level 1 in Hexes
   171 | D        | Reached skill level 1 in Summonings
   171 | D        | Reached skill level 1 in Necromancy
   171 | D        | Reached skill level 1 in Transmutations
   171 | D        | Reached skill level 1 in Fire Magic
   171 | D        | Reached skill level 1 in Ice Magic
   171 | D        | Reached skill level 1 in Air Magic
   171 | D        | Reached skill level 1 in Earth Magic
   171 | D        | Reached skill level 1 in Poison Magic
   171 | D        | Reached skill level 1 in Evocations
   171 | D        | Reached XP level 4. HP: 38/38 MP: 11/11
   174 | D        | Entered arena 3.
   174 | D        | Noticed a vault sentinel
   174 | D        | Noticed a yaktaur captain
   174 | D        | Found a transporter.
   182 | D        | Slain by a vault sentinel

Illustrated notes

Levels and vault maps discovered:
D:        sprint_v [room_start, room_1, room_2, room_3, room_4, room_5, room_6,
          room_7, room_8, room_9, room_10, room_11, room_12, room_13, room_14,
          room_15, room_16, room_17, room_18, room_19, room_20, room_21,
          room_22, room_23, room_24, room_25, room_26, room_27]

Skill      XL: |  1  2  3 |
---------------+----------+-----
Fighting       | 3 |  3.3
Long Blades    | 1 2 |  2.1
Axes           | 2 3 |  3.1
Throwing       | 1 |  1.6
Armour         | 1 |  1.6
Dodging        | 2 3 |  3.0
Spellcasting   | 2 3 |  3.1
Translocations | 5 |  5.3
Short Blades   | 2 |  2.4
Maces & Flails | 1 |  1.1
Polearms       | 1 |  1.1
Staves         | 1 |  1.1
Slings         | 1 |  1.1
Bows           | 1 |  1.1
Crossbows      | 1 |  1.1
Stealth        | 2 |  2.2
Shields        | 1 |  1.1
Unarmed Combat | 1 |  1.1
Conjurations   | 1 |  1.1
Hexes          | 1 |  1.1
Summonings     | 1 |  1.1
Necromancy     | 1 |  1.1
Transmutations | 1 |  1.1
Fire Magic     | 1 |  1.1
Ice Magic      | 1 |  1.5
Air Magic      | 1 |  1.1
Earth Magic    | 1 |  1.1
Poison Magic   | 1 |  1.1
Evocations     | 1 |  1.1

Action                   |  1- 3 |  4- 6 || total
-------------------------+-------+-------++-------
Melee: Double sword      |     3 |     4 ||     7
  Use: Potion            |     1 |       ||     1
 Stab: Sleeping          |       |     1 ||     1
Armor: Shadow dragon sca |     5 |       ||     5
Dodge: Dodged            |     2 |     1 ||     3
Block: Buckler           |     1 |     1 ||     2
       Rpst.: Double sword |     2 |     1 ||     3

Table legend: (Time is in decaauts)
 A = Elapsed time spent in this place.
 B = Non-inter-level travel time spent in this place.
 C = Inter-level travel time spent in this place.
 D = Time resting spent in this place.
 E = Time spent auto-exploring this place.
 F = Levels seen in this place.
 G = Mean time per level.
                   A        B        C        D        E       F      G
               +--------+--------+--------+--------+--------+-----+--------+
         Total |    183 |    183 |      0 |     94 |      0 |   1 |  183.0 |
       Dungeon |    183 |    183 |      0 |     94 |      0 |   1 |  183.0 |
               +--------+--------+--------+--------+--------+-----+--------+

Top non-repeatable levels by time:
       D: 183 daAuts
